Map: 백워터 - 래더

Players

Classic - Winner!

  • Race: Protoss Protoss
  • Spawn Location: 5:00

Trap

  • Race: Protoss Protoss
  • Spawn Location: 11:00

Event: IEM Season 12 - Katowice

VOD

Have the link to the VOD?

Description

Time

  • Played on: March 2, 2018, 10:55 a.m.
  • Length: 4:51

All games in this series

Show
View Real Time Build Order
Export as new Build Order

Classic Protoss - Winner!

Build Orders: Dark Templar Rush 

Get SALT Encoding   

  12  0:00  Probe  
  13  0:12  Probe  
  14  0:18  Pylon  
  14  0:24  Probe (Chrono Boost)  
  15  0:36  Probe (Chrono Boost)  
  15  0:38  Gateway  
  16  0:45  Probe (Chrono Boost)  
  16  0:46  Assimilator  
  17  0:51  Probe (Chrono Boost)  
  17  0:54  Assimilator  
  18  1:03  Probe (Chrono Boost)  
  19  1:11  Probe (Chrono Boost)  
  20  1:14  Gateway  
  20  1:17  Probe  
  20  1:25  Cybernetics Core  
  21  1:29  Probe  
  22  1:36  Pylon  
  22  1:41  Probe  
  23  1:54  Probe  
  24  2:00  Warp Gate (Chrono Boost)  
  24  2:01  Stalker x2  
  28  2:13  Pylon  
  28  2:20  Twilight Council  
  28  2:34  Stalker  
  28  2:36  Stalker  
  31  2:39  Probe  
  32  2:59  Dark Shrine  
  32  3:06  Stalker  
  32  3:12  Stalker  
  36  3:25  Shield Battery  
  30  3:54  Pylon  
  30  3:57  Stalker x2  
  34  4:03  Pylon  
  34  4:15  Dark Templar  
  36  4:22  Dark Templar  
  38  4:27  Nexus  
  38  4:30  Probe  
  38  4:42  Robotics Facility  
Show
View Real Time Build Order
Export as new Build Order

Trap Protoss 

Build Orders:  

Get SALT Encoding   

  12  0:00  Probe  
  13  0:12  Probe  
  14  0:16  Pylon  
  14  0:25  Probe (Chrono Boost)  
  15  0:36  Gateway  
  15  0:37  Probe (Chrono Boost)  
  16  0:44  Probe (Chrono Boost)  
  17  0:51  Probe (Chrono Boost)  
  17  0:54  Assimilator  
  18  0:57  Assimilator  
  18  1:03  Probe (Chrono Boost)  
  20  1:11  Probe (Chrono Boost)  
  20  1:14  Gateway  
  20  1:17  Probe  
  20  1:23  Cybernetics Core  
  21  1:29  Probe  
  22  1:33  Pylon  
  22  1:41  Probe  
  23  1:53  Probe  
  24  1:56  Warp Gate (Chrono Boost)  
  24  2:01  Stalker x2  
  28  2:14  Shield Battery  
  28  2:18  Pylon  
  28  2:31  Stalker  
  28  2:36  Stalker  
  32  3:01  Stalker  
  34  3:06  Stalker  
  34  3:11  Nexus  
  36  3:21  Shield Battery  
  36  3:29  Pylon  
  34  3:46  Probe  
  34  3:47  Stalker  
  34  3:48  Stalker  
  35  3:58  Probe  
  35  4:02  Twilight Council  
  34  4:10  Probe  
  34  4:16  Shield Battery  
  34  4:20  Stalker x2  
  38  4:29  Shield Battery  
  38  4:35  Probe x2  
  40  4:49  Zealot  
  40  4:50  Sentry  

Tags
 
Add a new tag
Caveats
  • Supply blocks, unpowered buildings, or Contaminate may cause inaccurate times.
  • Supply counts are checked every 10 seconds.